 Dungeon Crawl Stone Soup version 0.31.0-11-ge490571c62 (webtiles) character file.

Game seed: 2445332057944190825

340 mopl the Caller (level 6, -1/32 HPs)
             Began as a Tengu Summoner on Feb 5, 2024.
             Slain by an orc
             ... wielding a +0 trident
              (8 damage)
             ... on level 4 of the Dungeon on Feb 6, 2024.
             The game lasted 00:03:25 (1454 turns).

mopl the Caller (Tengu Summoner)                    Turns: 1454, Time: 00:03:25

Health: -1/32      AC:  2    Str:  8    XL:     6   Next: 56%
Magic:  11/13      EV: 12    Int: 18    God:
Gold:   164        SH:  0    Dex: 14    Spells: 7/13 levels left

rFire   . . .        a - +0 trident
rCold   . . .        (no shield)
rNeg    . . .        k - +0 robe
rPois   .            (helmet restricted)
rElec   .            (no cloak)
rCorr   .            (no gloves)
SInv    .            (boots unavailable)
Will    +....        (no amulet)
Stlth   ++           r - ring of willpower
HPRegen 0.25/turn    g - ring of wizardry
MPRegen 0.13/turn

%: acrobat, wizardry (x1)
@: inugami summoned
A: beak, talons 3, acrobatic
a: no special abilities


You were on level 4 of the Dungeon.
You visited 1 branch of the dungeon, and saw 3 of its levels.

You collected 164 gold pieces.

Inventory:

Hand Weapons
 a - a +0 trident (weapon)
 c - a +0 dagger of holy wrath
Missiles
 e - 5 silver javelins
Armour
 k - a +0 robe (worn)
Jewellery
 f - a +6 ring of dexterity
 g - a ring of wizardry (right hand)
 r - a ring of willpower (left hand)
Wands
 u - a wand of roots (6)
Scrolls
 d - 5 scrolls of identify {unknown}
 i - a scroll of teleportation {unknown}
 m - a scroll of noise {unknown}
 n - a scroll of brand weapon {unknown}
 p - a scroll of enchant weapon {unknown}
 q - a scroll of immolation {unknown}
 s - a scroll of fog {unknown}
 t - a scroll of enchant armour {unknown}
Potions
 b - a potion of magic
 h - 2 potions of enlightenment {unknown}
 j - a potion of lignification {unknown}
 l - a potion of ambrosia {unknown}
 o - a potion of attraction {unknown}


   Skills:
 + Level 2.4 Polearms
 - Level 2.1 Dodging
 - Level 2.0 Stealth
 * Level 4.2 Spellcasting
 * Level 7.0 Summonings


You had 7 spell levels left.
You knew the following spells:

 Your Spells              Type           Power      Damage    Failure   Level
a - Summon Small Mammal   Summ           100%       N/A       1%          1
b - Call Imp              Summ           58%        N/A       1%          2
c - Call Canine Familiar  Summ           29%        N/A       1%          3

Your spell library contained the following spells:

 Spells                   Type           Power      Damage    Failure   Level
 Summon Blazeheart Golem  Fire/Summ      16%        N/A       14%         4
 Summon Lightning Spire   Summ/Air       16%        N/A       14%         4
 Summon Forest            Summ/Tloc      8%         N/A       34%         5
 Summon Mana Viper        Hex/Summ       16%        N/A       34%         5
 Summon Cactus Giant      Summ           14%        N/A       43%         6


Dungeon Overview and Level Annotations

Branches:
Dungeon (4/15)
 Temple: D:4-7

Altars:


Innate Abilities, Weirdness & Mutations

You have a beak for a mouth.
You have claws for feet.
You can magically evade attacks while moving or waiting.


Message History

You are too injured to fight recklessly!
You are too injured to fight recklessly!
Unknown command.
You hit the orc but do no damage. You claw the orc.
You peck the orc, but do no damage.
The orc is almost dead.
The orc misses you. x2; Your inugami completely misses the orc.
Unknown command.
You closely miss the orc. Your kick misses the orc. Your peck misses the orc.
The orc is almost dead.
The orc hits you from afar with a +0 trident.
The orc barely misses you.
Your inugami hits the orc but does no damage.
Unknown command.
You barely miss the orc. Your kick misses the orc. Your peck misses the orc.
You punch the orc, but do no damage.
The orc is almost dead.
The orc barely misses you. x2; Your inugami barely misses the orc.
Unknown command.
You barely miss the orc.
The orc is almost dead.
The orc barely misses you. The orc hits you with a +0 club.
Your inugami hits the orc but does no damage.
The orc misses you.
The orc hits you from afar with a +0 trident.
* * * LOW HITPOINT WARNING * * *
Your inugami closely misses the orc.
The dart slug closely misses your inugami.
The orc hits your inugami but does no damage.
Unknown command.
Casting: Call Canine Familiar (safe; 1% risk of failure)
Confirm with . or Enter, or press ? or * to list all spells.
A tiny devil pulls itself out of the air.
Your cerulean imp says, "Let's spread destruction!"
Your inugami hits the orc.
The orc dies!
The dart slug launches a dart at you.
The slug dart hits your inugami but does no damage.
The orc hits you from afar with a +0 trident!
You die...

..♣♣P♣P~~P♣♣♣...... #
..##....♣~P~~P........ #.
.....#.#~~♣♣~.)#h.....
... .........♣♣#.###.....
.!.. #........##.##......
.....##.......##.#.......
.........................
......w.....#...........#
......)h@...............#
......o†.................
.......†5....#..)........
###=...###..##.###..#...#
#.... ##.#..# #.###...
#.... ...... .. ... #....
.... .... .... ...#


You could see a dart slug (ally target), an orc, a friendly cerulean imp
(summoned) and a friendly inugami (summoned).

Vanquished Creatures
  A gnoll (D:4)
  2 adders (D:2)
  A dart slug (D:2)
  A ribbon worm (D:2)
  An orc (D:4)
  5 ball pythons
  5 endoplasms
  2 giant cockroaches (D:2)
  10 goblins
  6 hobgoblins
  4 jackals
  2 quokkas (D:1)
  5 bats
  2 frilled lizards (D:2)
  7 kobolds
  2 rats (D:1)
56 creatures vanquished.

Vanquished Creatures (collateral kills)
  An ogre (D:4)
  A scorpion (D:4)
  An orc priest (D:4)
  An orc wizard (D:4)
  Robin (D:4)
  2 gnolls (D:4)
  An adder (D:2)
  An orc (D:4)
  An endoplasm (D:4)
  7 goblins (D:4)
  A jackal (D:4)
  A quokka (D:4)
19 creatures vanquished.

Grand Total: 75 creatures vanquished

Notes
Turn   | Place    | Note
-------+----------+-------------------------------------------
     0 | D:1      | mopl the Tengu Summoner began the quest for the Orb.
     0 | D:1      | Reached XP level 1. HP: 10/10 MP: 4/4
    42 | D:1      | Reached skill level 5 in Summonings
    52 | D:1      | Reached XP level 2. HP: 11/15 MP: 6/6
    55 | D:1      | Learned a level 2 spell: Call Imp
   341 | D:1      | Found a faded altar of an unknown god.
   369 | D:1      | Reached XP level 3. HP: 17/19 MP: 7/7
   373 | D:1      | Learned a level 3 spell: Call Canine Familiar
   990 | D:2      | Reached XP level 4. HP: 17/24 MP: 9/9
  1140 | D:2      | Reached skill level 1 in Polearms
  1175 | D:2      | You fall into a shaft and drop 2 floors!
  1226 | D:4      | Reached skill level 6 in Summonings
  1307 | D:4      | Noticed a scorpion
  1319 | D:4      | Killed a scorpion
  1320 | D:4      | Reached XP level 5. HP: 28/28 MP: 6/11
  1332 | D:4      | Noticed an ogre
  1343 | D:4      | Killed an ogre
  1344 | D:4      | Reached XP level 6. HP: 32/32 MP: 4/13
  1369 | D:4      | Noticed Robin
  1379 | D:4      | Killed Robin
  1447 | D:4      | Reached skill level 7 in Summonings
  1454 | D:4      | Slain by an orc

Illustrated notes

Levels and vault maps discovered:
D:1:      doesnt_arrival_eight_statues, layout_basic,
          ebering_ecumenical_altar_rust
D:2:      layout_rooms
D:4:      layout_cave_pools, dreamdust_divine_triumvirate, lemuel_crystal_altar,
          minivault_24, serial_bayou_lake_a, uniq_robin, uniq_edmund

Skill      XL: |  1  2  3  4  5  6 |
---------------+-------------------+-----
Summonings     | 5 6 7 |  7.0
Spellcasting   | 3 4 |  4.2
Polearms       | 1 2 |  2.4
Dodging        | |  2.1
Stealth        | |  2.0

Action                     |  1- 3 |  4- 6 || total
---------------------------+-------+-------++-------
  Melee: Unarmed           |    10 |       ||    10
         Dagger            |    34 |       ||    34
         Kick              |    22 |     9 ||    31
         Peck              |     9 |     5 ||    14
         Trident           |    41 |    61 ||   102
         Punch             |       |     1 ||     1
   Cast: Call Canine Famil |     1 |     4 ||     5
         Call Imp          |       |     4 ||     4
   Stab: Sleeping          |     7 |     1 ||     8
         Distracted        |       |     2 ||     2
 Armour: Robe              |    33 |    27 ||    60
  Dodge: Dodged            |    72 |    44 ||   116
